 Dungeon Crawl Stone Soup version 0.21.0-3-g78d12a8bdd (webtiles) character file.

2450 Greenblue the Slasher (level 9, -6/57 HPs)
             Began as a Mummy Wizard on Jan 11, 2018.
             Was an Initiate of Sif Muna.
             Mangled by a three-headed hydra (10 damage)
             ... on level 8 of the Dungeon.
             The game lasted 00:48:15 (12395 turns).

Greenblue the Slasher (Mummy Wizard)               Turns: 12395, Time: 00:48:16

Health: -6/57      AC:  6    Str: 13    XL:     9   Next: 25%
Magic:  2/15       EV: 12    Int: 20    God:    Sif Muna [......]
Gold:   65         SH:  0    Dex: 10    Spells: 5/16 levels left

rFire    x . .     SeeInvis .   t - +8 long sword "Sedde" {elec, rElec Str+2 Stlth-}
rCold    + . .     Gourm    .   (no shield)
rNeg     + + +     Faith    .   a - +0 robe
rPois    ∞         Spirit   .   b - +1 hat
rElec    +         Reflect  .   (no cloak)
rCorr    .         Harm     .   (no gloves)
MR       +....     Rnd*Tele +   (no boots)
Stlth    +.........             (no amulet)
HPRegen  0.19/turn              q - +3 ring of protection
MPRegen  0.14/turn              h - ring of teleportation

@: very slightly contaminated
A: no food or potions, fire vulnerability, cold resistance 1, negative energy
resistance 3, torment resistance, unbreathing
a: Renounce Religion


You were on level 8 of the Dungeon.
You worshipped Sif Muna.
Sif Muna was noncommittal.
You were not hungry.

You visited 2 branches of the dungeon, and saw 10 of its levels.

You collected 348 gold pieces.
You spent 283 gold pieces at shops.

Inventory:

Hand Weapons
 k - a +0 short sword
 l - a +2 dagger of protection
 t - the +8 long sword "Sedde" (weapon) {elec, rElec Str+2 Stlth-}
   (You found it on level 7 of the Dungeon)

   Occasionally, upon striking a foe, it will discharge some electrical energy
   and cause terrible harm.
   It affects your strength (+2).
   It insulates you from electricity.
   It makes you less stealthy.
 v - the +4 demon trident of Kuosuu {elec, +Rage rElec Int+6}
   (You found it on level 8 of the Dungeon)

   Occasionally, upon striking a foe, it will discharge some electrical energy
   and cause terrible harm.
   It affects your intelligence (+6).
   It insulates you from electricity.
   It lets you go berserk.
Armour
 a - a +0 robe (worn)
 b - a +1 hat (worn)
 y - the +0 pair of gloves "Hashritri" {*Contam rF+++ Regen+ Slay-3}
   (You bought it in a shop on level 8 of the Dungeon)

   It affects your accuracy and damage with ranged weapons and melee attacks
   (-3).
   It renders you almost immune to fire.
   It causes magical contamination when unequipped.
   It increases your rate of regeneration.
Jewellery
 e - a +1 ring of evasion
 f - an uncursed ring of fire
 h - a ring of teleportation (right hand)
 q - a +3 ring of protection (left hand)
Wands
 g - a wand of enslavement (13)
 i - a wand of iceblast (5)
 n - a wand of flame (57)
 p - a wand of acid (8)
Scrolls
 d - a scroll of identify
 m - a scroll of amnesia
 o - 2 scrolls of enchant weapon
 r - a scroll of noise {unknown}
 u - a scroll of enchant armour
 w - a scroll of vulnerability {unknown}
 x - a scroll of fog
Books
 c - a book of Minor Magic

   Spells                             Type                      Level
   a - Magic Dart                     Conjuration                  1
   b - Blink                          Translocation                2
   c - Call Imp                       Summoning                    2
   d - Slow                           Hexes                        2
   e - Conjure Flame                  Conjuration/Fire             3
   f - Mephitic Cloud                 Conjuration/Poison/Air       3


   Skills:
 + Level 6.0 Long Blades
 - Level 1.7 Dodging
 - Level 3.0 Stealth
 - Level 4.4 Spellcasting
 - Level 5.0 Conjurations
 - Level 2.0 Summonings
 - Level 3.3 Translocations
 + Level 1.2 Fire Magic
 - Level 2.6 Air Magic
 - Level 2.6 Poison Magic


You had 5 spell levels left.
You knew the following spells:

 Your Spells              Type           Power        Failure   Level  Hunger
a - Magic Dart            Conj           ###.         1%          1    N/A
b - Blink                 Tloc           N/A          4%          2    N/A
c - Call Imp              Summ           ##......     8%          2    N/A
d - Mephitic Cloud        Conj/Pois/Air  ###.....     9%          3    N/A
e - Conjure Flame         Conj/Fire      ###.....     10%         3    N/A

Dungeon Overview and Level Annotations

Branches:
Dungeon (9/15)             Temple (1/1) D:6
   Lair: D:8-11         Orc: D:9-12

Altars:
Ashenzari
Elyvilon
Fedhas
Gozag
Hepliaklqana
Kikubaaqudgha
Makhleb
Nemelex Xobeh
Qazlal
Ru
Sif Muna
Uskayaw
Vehumet
Wu Jian
Xom
Zin
The Shining One

Shops:
D:5 *   D:6 }((   D:8 [[[*

Annotations:
D:4 Grinder
D:8 Gastronok
D:9 Bapho's ghost, novice DsAK


Innate Abilities, Weirdness & Mutations

You do not eat or drink.
Your flesh is vulnerable to fire.
You are immune to poison.
Your flesh is cold resistant. (rC+)
You are immune to negative energy. (rN+++)
You are immune to unholy pain and torment.
You can survive without breathing.


Message History

As you read the scroll of blinking, it crumbles to dust.
The big kobold barely misses you.
The three-headed hydra moves out of view.
Found a whip.
You can't drink.
The big kobold hits you from afar with a halberd.
* * * LOW HITPOINT WARNING * * *
You see here a ration.
The big kobold hits you from afar with a halberd.
* * * LOW HITPOINT WARNING * * *
The dream sheep closely misses you. The big kobold barely misses you.
You can't drink.
Okay, then.
The dream sheep closely misses you.
You riposte.
You barely miss the dream sheep.
There is an open door here.
You see here a whip.
The three-headed hydra bites you!
You die...

##########
#@)+.P≈PP#
#%D#≈≈≈≈P#
#Y##≈≈P.≈#
#Y.#.....###
#K.'%%..≈..#
#..'.P...#.#####
#%.'....≈#.....#
#%.#%....#.....#
##########.....#


You could see a three-headed hydra, a big kobold and 2 dream sheep.

Vanquished Creatures
  A hippogriff (D:8)
  A yak (D:8)
  A sky beast (D:8)
  An ice beast (D:7)
  A centaur (D:6)
  2 ogres
  2 big kobolds (D:8)
  2 bullfrogs (D:6)
  5 wights (D:8)
  2 howler monkeys (D:8)
  A crimson imp (D:6)
  A bullfrog zombie (D:5)
  An orc priest (D:6)
  2 bullfrog skeletons
  A centaur skeleton (D:7)
  4 hounds
  5 orc wizards
  2 iguanas (D:8)
  4 worker ants
  2 hound skeletons
  2 worker ant zombies
  10 adders
  A shadow imp (D:5)
  An ooze (D:6)
  An adder skeleton (D:7)
  3 worms
  A dart slug (D:3)
  2 leopard geckos
  24 orcs
  A ball python (D:1)
  5 bats
  5 giant cockroaches
  8 hobgoblins
  16 jackals
  2 quokkas
  5 frilled lizards
  9 goblins
  12 kobolds
  A leopard gecko skeleton (D:6)
  2 quokka zombies
  7 rats
159 creatures vanquished.

Vanquished Creatures (collateral kills)
  A yak (D:8)
  An ice beast (D:6)
  An ogre (D:8)
  2 orc priests
  2 orc wizards
  Ijyb (D:4)
  Terence (D:3)
  A worker ant (D:4)
  An adder (D:4)
  2 orcs
  2 kobolds (D:3)
  A leopard gecko skeleton (D:4)
16 creatures vanquished.

Vanquished Creatures (others)
  A plant (D:8)
1 creature vanquished.

Grand Total: 176 creatures vanquished

Notes
Turn   | Place    | Note
-------+----------+-------------------------------------------
     0 | D:1      | Greenblue the Mummy Wizard began the quest for the Orb.
     0 | D:1      | Reached XP level 1. HP: 13/13 MP: 5/5
   360 | D:1      | Reached XP level 2. HP: 19/19 MP: 4/7
   370 | D:1      | Learned a level 2 spell: Blink
   373 | D:1      | Learned a level 2 spell: Call Imp
   601 | D:1      | Reached skill level 1 in Conjurations
  1471 | D:2      | Reached XP level 3. HP: 24/24 MP: 3/8
  2429 | D:2      | Learned a level 3 spell: Mephitic Cloud
  3393 | D:3      | Reached XP level 4. HP: 23/30 MP: 8/10
  3643 | D:3      | Reached skill level 1 in Air Magic
  3709 | D:3      | Reached skill level 1 in Poison Magic
  4002 | D:3      | Noticed Terence
  4022 | D:3      | Killed Terence
  4534 | D:4      | Reached XP level 5. HP: 28/35 MP: 11/11
  4641 | D:4      | Noticed Grinder
  4656 | D:4      | Paralysed by Grinder for 5 turns
  4724 | D:5      | Entered Level 5 of the Dungeon
  4852 | D:5      | Found a sand-covered staircase.
  4867 | D:5      | Noticed a centaur
  4871 | D:5      | Found a shattered altar of Ashenzari.
  5724 | D:4      | Reached XP level 6. HP: 23/41 MP: 0/12
  5906 | D:4      | Reached skill level 1 in Summonings
  6069 | D:4      | Noticed Ijyb
  6090 | D:4      | Killed Ijyb
  6276 | D:4      | Noticed a sky beast
  6717 | D:5      | Found Yqiun's Assorted Antiques.
  6725 | D:5      | Bought a scroll of identify for 56 gold pieces
  7207 | D:6      | Found Faofess's Gadget Emporium.
  7313 | D:6      | Reached XP level 7. HP: 41/46 MP: 8/13
  8148 | D:6      | Found Juicw's Weapon Shop.
  8472 | D:6      | Reached skill level 5 in Conjurations
  8593 | D:6      | Reached skill level 1 in Translocations
  9136 | D:6      | Found Vyuh's Weapon Boutique.
  9212 | D:6      | Found a staircase to the Ecumenical Temple.
  9221 | Temple   | Entered the Ecumenical Temple
  9284 | Temple   | Became a worshipper of Sif Muna the Loreminder
  9842 | D:7      | Reached XP level 8. HP: 48/52 MP: 7/14
  9951 | D:7      | Learned a level 3 spell: Conjure Flame
  9999 | D:7      | Got a crystal long sword
 10003 | D:7      | Identified the +8 long sword "Sedde" {elec, rElec Str+2 Stlth-} (You found it on level 7 of the Dungeon)
 10190 | D:7      | Reached skill level 1 in Long Blades
 10418 | D:8      | Got a dazzling demon trident
 10419 | D:8      | Identified the +4 demon trident of Kuosuu {elec, +Rage rElec Int+6} (You found it on level 8 of the Dungeon)
 10508 | D:8      | Reached skill level 2 in Long Blades
 10729 | D:8      | Found Deanintus's Assorted Antiques.
 10732 | D:8      | Bought a scroll labeled TIT TIED ISEMU for 28 gold pieces
 10906 | D:8      | Noticed a hippogriff
 10957 | D:8      | Killed a hippogriff
 10957 | D:8      | Reached skill level 3 in Long Blades
 11031 | D:8      | Noticed a two-headed ogre
 11094 | D:8      | Reached skill level 4 in Long Blades
 11107 | D:9      | Noticed Bapho's ghost (novice DsAK)
 11136 | D:8      | Found Geff's Armour Boutique.
 11365 | D:8      | Found Bekes's Armour Emporium.
 11384 | D:8      | Noticed Gastronok
 11389 | D:8      | Reached skill level 5 in Long Blades
 11450 | D:8      | Reached XP level 9. HP: 57/57 MP: 8/15
 11528 | D:8      | Noticed a two-headed ogre
 11687 | D:8      | Found a stormy altar of Qazlal.
 11754 | D:8      | Found Odocwaud's Antique Armour Boutique.
 11960 | D:8      | Bought a pair of faintly glowing gloves for 199 gold pieces
 11960 | D:8      | Identified the +0 pair of gloves "Hashritri" {*Contam rF+++ Regen+ Slay-3} (You bought it in a shop on level 8 of the Dungeon)
 12317 | D:8      | Reached skill level 6 in Long Blades
 12317 | D:8      | Reached skill level 1 in Fire Magic
 12363 | D:9      | Noticed a troll
 12387 | D:8      | Noticed a three-headed hydra
 12395 | D:8      | Mangled by a three-headed hydra

Skill      XL: |  1  2  3  4  5  6  7  8  9 |
---------------+----------------------------+-----
Conjurations   | 1 2 3 5 |  5.0
Air Magic      | 1 2 |  2.6
Poison Magic   | 1 2 |  2.6
Summonings     | 2 |  2.0
Translocations | 3 |  3.3
Stealth        | 3 |  3.0
Long Blades    | 5 6 |  6.0
Fire Magic     | 1 |  1.2
Dodging        | |  1.7
Spellcasting   | |  4.4

Action                   |  1- 3 |  4- 6 |  7- 9 || total
-------------------------+-------+-------+-------++-------
Melee: Unarmed           |     5 |       |       ||     5
       Short sword       |    38 |     1 |       ||    39
       Dagger            |       |   286 |   110 ||   396
       Long sword        |       |       |    74 ||    74
       Demon trident     |       |       |    13 ||    13
 Cast: Magic Dart        |   117 |    95 |   126 ||   338
       Mephitic Cloud    |     2 |     8 |    15 ||    25
       Blink             |     1 |     1 |     3 ||     5
       Call Imp          |       |    28 |    45 ||    73
       Conjure Flame     |       |       |    10 ||    10
  Use: Scroll            |     3 |     6 |    14 ||    23
 Stab: Confused          |       |     1 |     1 ||     2
       Distracted        |       |     1 |       ||     1
Armor: Robe              |    12 |    96 |    55 ||   163
Dodge: Dodged            |    36 |   231 |   131 ||   398
       Rpst.: Long sword |       |       |    17 ||    17
